Map: Lerilak Crest

Players

CaptRaynor

  • Race: Zerg Zerg
  • League: Grandmaster

Gallagherlol - Winner!

  • Race: Protoss Protoss
  • League: Silver

VOD

Have the link to the VOD?

Description

Time

  • Played on: Aug. 23, 2015, 11:56 p.m.
  • Length: 13:09
Show
View Real Time Build Order
Export as new Build Order

CaptRaynor Zerg 

Build Orders: Hatch First 

Get SALT Encoding   

  12  0:01  Drone  
  13  0:12  Overlord  
  13  0:18  Drone  
  14  0:29  Overlord  
  14  0:34  Drone  
  15  0:54  Hatchery  
  14  1:02  Drone x2  
  16  1:18  Spawning Pool  
  16  1:21  Drone  
  16  1:22  Drone  
  17  1:27  Drone  
  18  1:36  Extractor  
  18  1:38  Drone  
  18  1:48  Drone  
  19  2:01  Overlord  
  19  2:07  Queen x2  
  24  2:08  Drone  
  24  2:09  Drone  
  25  2:36  Zergling x8  
  29  2:43  Drone x2  
  31  2:46  Metabolic Boost  
  31  2:59  Queen x2  
  35  3:14  Drone x6  
  35  3:18  Extractor  
  40  3:31  Overlord  
  40  3:32  Overlord x2  
  40  3:46  Drone x2  
  40  3:47  Drone x2  
  44  4:01  Zergling x2  
  44  4:02  Zergling x4  
  47  4:08  Lair, Roach Warren  
  46  4:28  Drone x3  
  49  4:32  Pneumatized Carapace  
  49  4:52  Overlord x2  
  49  4:58  Roach x3  
  49  4:59  Roach x3  
  61  5:05  Extractor  
  61  5:06  Extractor  
  59  5:13  Roach x2  
  59  5:14  Roach x2, Zergling x4  
  69  5:20  Hatchery  
  68  5:35  Drone  
  69  5:42  Drone x3  
  72  6:03  Drone x2  
  74  6:11  Roach  
  74  6:12  Roach x4  
  74  6:15  Overlord x4  
  84  6:25  Nydus Network  
  83  6:27  Ravager  
  83  6:30  Overlord x3  
  84  6:51  Drone x2, Queen  
  88  6:59  Overseer  
  88  7:01  Overseer  
  88  7:10  Overseer  
  88  7:32  Drone x5  
  93  7:39  Hydralisk Den  
  92  7:55  Lurker Den  
  92  7:57  Overseer x2  
  92  8:04  Drone x5  
  92  8:05  Drone  
  98  8:15  Zergling x16  
  98  8:16  Zergling x6  
  109  8:27  Glial Reconstitution  
  109  8:29  Baneling Nest  
  109  8:30  Drone x3  
  109  8:32  Drone  
  109  8:34  Drone x3  
  114  8:59  Hydralisk x3  
  111  9:15  Hydralisk x7  
  111  9:16  Hydralisk x4  
  133  9:25  Lurker  
  133  9:26  Lurker x2  
  133  9:28  Overlord x3  
  133  9:29  Overlord x4  
  136  9:33  Drone  
  137  10:00  Nydus Canal  
  137  10:03  Roach x8  
  137  10:04  Roach x3  
  159  10:27  Zergling x6  
  159  10:28  Zergling x8  
  134  10:53  Roach  
  134  10:54  Roach x8  
  89  11:59  Hydralisk x13  
  89  12:00  Hydralisk x2  
  91  12:06  Spire  
  90  12:25  Hatchery  
  90  12:26  Hatchery  
  88  12:33  Zergling x14  
  88  12:34  Zergling x4  
Show
View Real Time Build Order
Export as new Build Order

Gallagherlol Protoss - Winner!

Build Orders:  

Get SALT Encoding   

  12  0:03  Probe  
  13  0:15  Pylon  
  13  0:19  Probe  
  14  0:31  Probe  
  15  0:44  Probe  
  15  0:46  Gateway  
  16  0:56  Probe  
  17  1:04  Assimilator  
  17  1:08  Probe  
  18  1:20  Probe  
  19  1:27  Pylon  
  19  1:32  Probe  
  20  1:36  Cybernetics Core  
  20  1:44  Probe, Assimilator  
  21  1:55  Zealot  
  21  1:56  Probe  
  21  1:58  Warp Gate  
  24  2:08  Probe  
  24  2:10  Pylon  
  25  2:20  Probe  
  26  2:32  Probe  
  26  2:33  Adept  
  29  2:43  Nexus  
  29  2:45  Probe  
  30  2:57  Probe, Pylon  
  31  3:00  Adept  
  33  3:08  Gateway  
  33  3:09  Probe  
  34  3:36  Robotics Facility  
  34  3:43  Gateway  
  34  3:44  Gateway  
  34  3:46  Probe  
  35  4:03  Probe x2  
  35  4:06  Forge  
  35  4:08  Gateway  
  37  4:15  Probe x2  
  39  4:20  Adept  
  39  4:22  Adept  
  43  4:27  Probe x2  
  45  4:39  Probe  
  45  4:40  Probe  
  45  4:44  Photon Cannon  
  47  4:51  Probe  
  47  4:52  Probe  
  48  4:59  Assimilator  
  48  5:00  Protoss Ground Weapons Level 1  
  48  5:02  Stalker x2  
  48  5:04  Probe x2, Assimilator  
  54  5:08  Observer  
  54  5:13  Stalker  
  57  5:16  Probe x2  
  59  5:27  Stalker  
  59  5:28  Probe  
  62  5:35  Pylon  
  62  5:40  Pylon  
  62  5:51  Pylon  
  62  5:54  Immortal  
  66  6:00  Gateway  
  66  6:01  Sentry x3  
  66  6:02  Gateway  
  72  6:04  Gateway  
  72  6:11  Robotics Bay  
  72  6:16  Probe x2  
  74  6:22  Twilight Council  
  74  6:25  Pylon  
  74  6:29  Pylon  
  74  6:36  Stalker x3  
  74  6:37  Probe x2  
  82  6:45  Immortal  
  86  6:49  Sentry  
  86  6:50  Sentry  
  90  6:57  Protoss Ground Weapons Level 2  
  90  7:09  Zealot x3  
  96  7:20  Stalker x2  
  100  7:23  Blink  
  100  7:33  Pylon  
  100  7:36  Pylon  
  100  7:38  Disruptor  
  102  7:49  Pylon  
  102  7:52  Stalker x4  
  110  8:03  Nexus  
  110  8:07  Pylon  
  110  8:09  Pylon  
  110  8:14  Stalker  
  110  8:15  Observer  
  113  8:24  Stalker x2  
  117  8:32  Probe  
  117  8:33  Probe  
  119  8:35  Disruptor  
  119  8:39  Gateway  
  122  8:42  Gateway  
  122  8:45  Gateway  
  120  9:09  Zealot  
  122  9:10  Zealot x4  
  122  9:14  Protoss Ground Weapons Level 3  
  130  9:36  Disruptor  
  133  9:58  Stalker x5  
  133  9:59  Stalker x4  
  151  10:20  Zealot x2  
  151  10:29  Observer  
  134  11:28  Zealot  
  134  11:29  Zealot x5  
  134  11:30  Zealot  
  125  11:55  Stalker  
  119  12:02  Pylon  
  119  12:04  Pylon  
  119  12:06  Pylon  
  119  12:14  Nexus  
  119  12:20  Stalker x6  
  115  13:02  Stalker x3  
  115  13:03  Stalker x3  
Tags
 
Add a new tag
Caveats
  • Supply blocks, unpowered buildings, or Contaminate may cause inaccurate times.
  • Supply counts are checked every 10 seconds.